 Dungeon Crawl Stone Soup version 0.27.1-34-g3ba077fa99 (webtiles) character file.

Game seed: 3476096651653882814

11398 LustLizard the Cleaver (level 11, -10/95 HPs)
             Began as a Minotaur Berserker on Jan 16, 2022.
             Was an Elder of Trog.
             Killed from afar by a smoke demon (15 damage)
             ... with a ball of steam
             ... summoned by a kobold demonologist
             ... on level 11 of the Dungeon.
             The game lasted 00:22:58 (11792 turns).

LustLizard the Cleaver (Minotaur Berserker)        Turns: 11792, Time: 00:22:59

Health: -10/95     AC: 13    Str: 22    XL:     11   Next: 48%
Magic:  0/10       EV: 11    Int:  7    God:    Trog [****..]
Gold:   477        SH:  6    Dex: 10    Spells: 10/10 levels left

rFire    . . .     SeeInvis .   J - +1 hand axe (elec)
rCold    . . .     Faith    .   y - +0 buckler
rNeg     . . .     Spirit   +   D - +3 ring mail {rPois}
rPois    +         Reflect  .   (helmet restricted)
rElec    .         Harm     .   m - +0 cloak
rCorr    .         Rampage  .   g - +0 pair of gloves
Will     .....                  t - +0 pair of boots
Stlth    ..........             k - amulet of guardian spirit
HPRegen  0.25/turn              (no ring)
MPRegen  0.12/turn              (no ring)

@: no status effects
A: horns 2, retaliatory headbutt
a: Renounce Religion, Berserk, Trog's Hand, Brothers in Arms


You were on level 11 of the Dungeon.
You worshipped Trog.
Trog was greatly pleased with you.
You visited 1 branch of the dungeon, and saw 11 of its levels.

You collected 565 gold pieces.
You spent 88 gold pieces at shops.

Inventory:

Hand Weapons
 d - a +0 war axe
 J - a +1 hand axe of electrocution (weapon)
Missiles
 f - 249 stones (quivered)
 o - 36 poisoned darts
 p - 5 javelins
 C - 8 boomerangs
Armour
 g - a +0 pair of gloves (worn)
 m - a +0 cloak (worn)
 t - a +0 pair of boots (worn)
 y - a +0 buckler (worn)
 D - a +3 ring mail of poison resistance (worn)
 I - a +0 kite shield
 M - a +0 plate armour
Jewellery
 k - an amulet of guardian spirit (around neck)
 O - a +4 ring of evasion
Wands
 a - a wand of paralysis (7)
 n - a wand of mindburst (11)
 A - a wand of flame (38)
Scrolls
 e - 2 scrolls of enchant weapon
 j - 2 scrolls of silence {unknown}
 l - 5 scrolls of teleportation
 s - 2 scrolls of magic mapping
 u - 5 scrolls of amnesia
 v - 2 scrolls of fear {unknown}
 w - a scroll of identify
 B - 3 scrolls of enchant armour
 E - a scroll of holy word
 G - 2 scrolls of immolation {unknown}
 K - 3 scrolls of noise
 N - a scroll of blinking {unknown}
Potions
 b - a potion of ambrosia {unknown}
 c - 4 potions of curing
 h - a potion of lignification
 i - 2 potions of flight
 q - 3 potions of heal wounds
 r - a potion of might
 x - 2 potions of haste
 z - a potion of resistance
 F - 2 potions of invisibility {unknown}
 H - 3 potions of degeneration
 L - a potion of attraction {unknown}


   Skills:
 + Level 8.7 Fighting
 * Level 11.5 Axes
 * Level 8.9 Throwing
 - Level 6.6 Armour
 - Level 2.1 Dodging
 * Level 9.9 Shields
 * Level 5.1 Evocations


You had 10 spell levels left.
You didn't know any spells.
Your spell library was empty.

Dungeon Overview and Level Annotations

Branches:
Dungeon (11/15)            Temple (0/1) D:4            Lair (0/6) D:8
    Orc: D:9-12

Altars:
Fedhas
Makhleb
Okawaru
Ru
Sif Muna
Trog
Vehumet
Wu Jian
Xom
Zin

Shops:
D:3 !   D:4 [   D:5 (   D:7 *   D:10 (


Innate Abilities, Weirdness & Mutations

You have a pair of horns on your head.
You reflexively headbutt those who attack you in melee.


Message History

* * * LOW HITPOINT WARNING * * *
There is a stone staircase leading up, spattered with blood here.
The white imp gestures at you. The puff of frost hits you.
* * * LOW HITPOINT WARNING * * *
You climb upwards.
There is a stone staircase leading down, spattered with blood here.
Magic restored.
HP restored.
Done exploring.
You climb downwards.
A gnoll shaman comes into view. It is wielding a +0 club.
There is a stone staircase leading up, spattered with blood here.
The gnoll shaman shouts!
Things that are here:
a +0 giant spiked club; a +0 giant spiked club; a two-headed ogre skeleton The kobold demonologist gestures wildly while chanting.
The kobold demonologist gestures wildly while chanting.
The ice devil hits you. The ice devil freezes you!
The smoke demon gestures at you. The ball of steam hits you!
You hit the ice devil but do no damage. Your headbutt misses the ice devil.
You are engulfed in a cloud of scalding steam.
You closely miss the ice devil.
You are engulfed in a cloud of scalding steam.
The ice devil hits you. The ice devil freezes you!
The smoke demon gestures at you. The ball of steam hits you!
You closely miss the ice devil.
The kobold demonologist casts a cantrip, but nothing happens.
The ice devil hits you! The ice devil freezes you!!
* * * LOW HITPOINT WARNING * * *
Really walk into that cloud of steam?
Okay, then.
The smoke demon gestures at you. Something smites you!
* * * LOW HITPOINT WARNING * * *
The smoke demon gestures at you. The ball of steam hits you!
You die...

# #.#.<.......## ######
#.#........... )....#
#.#..(........
....)###.#..[......^.
..)..$...#...).......
...).....#'##'#####.. #
####(..(.....[....# .#
#.((.[.()....<.# ..#
#...(..[....)@.##'##.
#...((.()>...§.......
#...!(...)..§4...(...
........(.[...3........
≈≈≈≈≈≈≈≈≈(≈≈≈≈.K..≈≈≈≈≈
≈≈≈≈≈≈≈≈≈≈≈≈≈≈g...≈≈≈≈≈
##≈≈≈≈≈≈≈≈≈≈≈≈(...≈≈≈≈≈
#.............((......
###########''''#####


You could see an ice devil (summoned), a kobold demonologist, a smoke demon
(summoned) and a gnoll shaman.

Vanquished Creatures
  Snorg (D:10)
  4 two-headed ogres
  A cyclops (D:11)
  A kobold demonologist (D:11)
  A troll (D:11)
  2 hornets
  9 yaks
  Sigmund (D:6)
  A wyvern (D:8)
  2 basilisks (D:8)
  4 vampire mosquitoes (D:8)
  3 wargs (D:11)
  A water moccasin (D:8)
  5 orc warriors
  2 ogres
  4 centaurs
  5 kobold brigands
  3 bullfrogs
  3 gnoll sergeants
  7 scorpions
  A water moccasin zombie (D:6)
  A wyvern skeleton (D:4)
  5 killer bees (D:9)
  2 howler monkeys
  3 centaur zombies
  7 orc priests
  4 hounds
  2 jellies
  A bullfrog skeleton (D:5)
  4 gnoll shamans (D:11)
  2 iguanas (D:6)
  10 orc wizards
  9 gnolls
  3 adders
  A shadow imp (D:5)
  3 white imps
  An ufetubus (D:5)
  3 worms
  A dart slug (D:5)
  30 orcs
  6 endoplasms
  5 giant cockroaches
  6 goblins
  7 hobgoblins
  2 jackals (D:1)
  2 quokkas
  6 ball pythons
  5 bats
  2 frilled lizards (D:1)
  11 kobolds
  6 rats
211 creatures vanquished.

Vanquished Creatures (others)
  An orc wizard (D:7)
  2 fungi (D:8)
  12 plants
15 creatures vanquished.

Grand Total: 226 creatures vanquished

Notes
Turn   | Place    | Note
-------+----------+-------------------------------------------
     0 | D:1      | LustLizard the Minotaur Berserker began the quest for the
                  | Orb.
     0 | D:1      | Reached XP level 1. HP: 19/19 MP: 0/0
   327 | D:1      | Reached skill level 4 in Axes
   327 | D:1      | Reached XP level 2. HP: 27/27 MP: 1/1
  1453 | D:2      | Reached XP level 3. HP: 33/33 MP: 2/2
  2226 | D:3      | Reached XP level 4. HP: 19/40 MP: 3/3
  2487 | D:3      | Reached ** piety under Trog
  2488 | D:3      | Reached skill level 5 in Axes
  2488 | D:3      | Reached skill level 1 in Throwing
  2689 | D:3      | Reached XP level 5. HP: 44/47 MP: 4/4
  2782 | D:3      | Found a shimmering blue altar of Sif Muna.
  2943 | D:3      | Found Dousip's Distillery.
  2946 | D:3      | Bought a potion of curing for 33 gold pieces
  2946 | D:3      | Bought a potion of heal wounds for 55 gold pieces
  2969 | D:3      | Found a faded altar of an unknown god.
  3294 | D:4      | Noticed an ogre
  3308 | D:4      | Killed an ogre
  3309 | D:4      | Reached XP level 6. HP: 35/55 MP: 2/5
  3605 | D:4      | Reached skill level 6 in Axes
  3617 | D:4      | Reached skill level 5 in Fighting
  3754 | D:4      | Found a staircase to the Ecumenical Temple.
  3870 | D:4      | Found Riezxave's Antique Armour Emporium.
  4311 | D:5      | Entered Level 5 of the Dungeon
  4326 | D:5      | Reached skill level 1 in Shields
  4371 | D:5      | Reached XP level 7. HP: 57/61 MP: 4/6
  4624 | D:5      | Found Gocsay's Antique Weapon Boutique.
  4663 | D:5      | Reached *** piety under Trog
  5150 | D:5      | Found an iron altar of Okawaru.
  5150 | D:5      | Found a glowing silver altar of Zin.
  5151 | D:5      | Found a burning altar of Makhleb.
  5441 | D:6      | Reached skill level 7 in Axes
  5635 | D:6      | Reached XP level 8. HP: 69/70 MP: 5/7
  5685 | D:6      | Noticed Sigmund
  5701 | D:6      | Killed Sigmund
  5702 | D:6      | Reached skill level 5 in Armour
  6005 | D:6      | Found a bloodstained altar of Trog.
  6007 | D:6      | Found a blossoming altar of Fedhas.
  6007 | D:6      | Found a bloodstained altar of Trog.
  6009 | D:6      | Found an ornate altar of the Wu Jian Council.
  6009 | D:6      | Found a radiant altar of Vehumet.
  6009 | D:6      | Found a shimmering altar of Xom.
  6164 | D:6      | Reached skill level 5 in Throwing
  6237 | D:7      | Reached skill level 8 in Axes
  6546 | D:7      | Noticed a hornet
  6561 | D:7      | Reached skill level 5 in Shields
  6565 | D:7      | Killed a hornet
  6881 | D:7      | Found Haistag's Overcharged Wands.
  7017 | D:7      | Reached XP level 9. HP: 68/78 MP: 5/8
  7738 | D:8      | Found a staircase to the Lair.
  7756 | D:8      | Reached skill level 9 in Axes
  8368 | D:8      | Found a sacrificial altar of Ru.
  8933 | D:9      | Noticed a two-headed ogre
  8951 | D:9      | Killed a two-headed ogre
  8952 | D:9      | Reached skill level 1 in Evocations
  8952 | D:9      | Reached XP level 10. HP: 86/86 MP: 9/9
  8977 | D:9      | Reached skill level 10 in Axes
  9103 | D:9      | Paralysed by a hornet for 1 turns
  9106 | D:9      | Reached **** piety under Trog
  9512 | D:10     | Entered Level 10 of the Dungeon
  9607 | D:10     | Found Rirharul's Antique Weapon Shoppe.
 10255 | D:11     | Noticed a two-headed ogre
 10266 | D:11     | Killed a two-headed ogre
 10447 | D:11     | Reached XP level 11. HP: 85/94 MP: 8/10
 10458 | D:11     | Reached skill level 11 in Axes
 10684 | D:11     | Noticed Snorg
 10685 | D:11     | Noticed a two-headed ogre
 10712 | D:10     | Killed Snorg
 10968 | D:11     | Noticed a soul eater
 11154 | D:11     | Noticed a two-headed ogre
 11168 | D:11     | Killed a two-headed ogre
 11458 | D:11     | Noticed a two-headed ogre
 11469 | D:11     | Killed a two-headed ogre
 11470 | D:11     | Reached skill level 5 in Evocations
 11788 | D:11     | HP: 4/95 [smoke demon/divine providence[a kobold
                  | demonologist] (13)]
 11792 | D:11     | Killed from afar by a smoke demon

Illustrated notes

Levels and vault maps discovered:
D:1:      ebering_trefoil_3fold, layout_loops_ring
D:2:      layout_basic, serial_bayou_pond_d
D:3:      layout_basic, mainiacjoe_overflow_alcove_2,
          chequers_ecumenical_altar_island, serial_shops,
          nicolae_shop_behind_doors, minmay_fractal_squares_gapless_5
D:4:      layout_basic, temple_pool_b, serial_shops, shop, serial_bayou_ford_a
D:5:      layout_basic, chequers_temple_overflow_statue_of_worship,
          serial_shops, nicolae_shop_crystal
D:6:      layout_rooms, doesnt_xom_only_xom, patterned_corridor, uniq_sigmund
D:7:      layout_loops_corners, nicolae_shop_overcharged_wands
D:8:      layout_loops_cross, overflow_temple_1_default, david_lair_generic
D:9:      layout_gridville
D:10:     layout_roguey, serial_shops, nicolae_stop_n_shop_2
D:11:     lemuel_castle_with_subvaults [lemuel_castle_interior_original],
          layout_irregular_city, uniq_snorg

Skill      XL: |  1  2  3  4  5  6  7  8  9 10 11 |
---------------+----------------------------------+-----
Axes           | 4 5 6 7 8 9 10 11 | 11.5
Fighting       | 4 5 6 7 8 |  8.7
Armour         | 3 4 5 6 |  6.6
Throwing       | 1 2 3 4 5 7 8 |  8.9
Shields        | 1 3 5 7 9 |  9.9
Evocations     | 1 4 5 |  5.1
Dodging        | |  2.1

Action                   |  1- 3 |  4- 6 |  7- 9 | 10-12 || total
-------------------------+-------+-------+-------+-------++-------
Melee: Hand axe          |    22 |       |   100 |   215 ||   337
       Headbutt          |     6 |    13 |    48 |    43 ||   110
       War axe           |    57 |    76 |   142 |       ||   275
Throw: Stone             |     2 |     5 |    24 |    74 ||   105
       Dart              |       |     5 |     5 |       ||    10
       Boomerang         |       |       |     1 |     4 ||     5
Invok: Trog's Hand       |       |     1 |     4 |     2 ||     7
       Berserk           |       |       |     1 |     4 ||     5
  Use: Scroll            |       |     3 |     9 |     1 ||    13
Armor: Animal skin       |    13 |       |       |       ||    13
       Ring mail         |     5 |    25 |   103 |    69 ||   202
Dodge: Dodged            |    61 |    40 |   136 |   103 ||   340
Block: Buckler           |       |       |    18 |    53 ||    71
